 Dungeon Crawl Stone Soup version 0.32-a0-791-gfc315c9ecd (webtiles) character file.

Game seed: 15360155971929441704

120621 Farquar the Warrior (level 16, -5/163 HPs)
             Began as a Gargoyle Alchemist on Mar 19, 2024.
             Was the Champion of Wu Jian.
             Killed from afar by an eleionoma (23 damage)
             ... with a spray of wooden splinters
             ... on level 4 of the Swamp on Mar 22, 2024.
             The game lasted 03:18:01 (26771 turns).

Farquar the Warrior (Gargoyle Alchemist)           Turns: 26771, Time: 03:18:01

Health: -5/163     AC: 30    Str: 20    XL:     16   Next: 82%
Magic:  28/30      EV: 14    Int: 19    God:    Wu Jian [******]
Gold:   1266       SH:  0    Dex: 10    Spells: 10/35 levels left

rFire   + . .        a - +8 great mace of Doubt {spect, rElec Int+3}
rCold   + + .        (shield currently unavailable)
rNeg    + . .        H - +2 steam dragon scales
rPois   ∞            R - +2 helmet
rElec   +            I - scarf {rC+ rF+}
rCorr   .            T - +2 pair of gloves
SInv    .            f - +2 pair of boots
Will    ++...        m - amulet of regeneration Stlth
                     p - ring of willpower
HPRegen 1.27/turn    b - ring of protection from cold
MPRegen 0.22/turn

%: no passive effects
@: berserking (expiring), flying, slowed, studying Evocations
A: sickness immunity, AC +12, big wings, negative energy resistance 1,
electricity resistance, torment resistance 1, petrification resistance
a: Renounce Religion, Wall Jump, Serpent's Lash, Heavenly Storm


You were on level 4 of the Swamp.
You worshipped Wu Jian.
Wu Jian was exalted by your worship.
You visited 5 branches of the dungeon, and saw 27 of its levels.

You collected 2161 gold pieces.
You spent 895 gold pieces at shops.

Inventory:

Hand Weapons
 a - the +8 great mace of Doubt (weapon) {spect, rElec Int+3}
   (You acquired it on level 5 of the Dungeon)

   Int+3:     It affects your intelligence (+3).
   rElec:     It insulates you from electricity.
 x - a +2 great mace of draining
Missiles
 i - a throwing net
Armour
 f - a +2 pair of boots (worn)
 H - +2 steam dragon scales (worn)
 I - a scarf of resistance (worn)
 R - a +2 helmet (worn)
 T - a +2 pair of gloves (worn)
Jewellery
 b - a ring of protection from cold (right hand)
 m - an amulet of regeneration (around neck)
 p - a ring of willpower (left hand)
 s - an amulet of reflection
 y - a ring of see invisible
 D - a ring of resist corrosion
 N - a ring of protection from cold
 P - a ring of protection from fire
Wands
 e - a wand of paralysis (8)
 l - a wand of roots (11)
 A - a wand of mindburst (25)
 E - a wand of flame (31)
 J - a wand of light (9)
 L - a wand of digging (5)
 O - a wand of polymorph (9)
Scrolls
 d - a scroll of amnesia
 g - 9 scrolls of teleportation
 k - 4 scrolls of fear
 n - 4 scrolls of blinking
 o - 2 scrolls of identify
 t - 3 scrolls of revelation
 v - 2 scrolls of silence
 w - 2 scrolls of fog
 z - 3 scrolls of butterflies
 G - 4 scrolls of poison
Potions
 c - 2 potions of berserk rage
 h - 6 potions of attraction
 j - 2 potions of enlightenment
 r - 7 potions of might
 u - a potion of cancellation
 B - 11 potions of curing
 C - 2 potions of haste
 F - 5 potions of mutation
 K - 4 potions of heal wounds
 Q - 2 potions of brilliance
 V - a potion of invisibility
Miscellaneous
 M - a phantom mirror


   Skills:
 - Level 15.6 Fighting
 - Level 8.0 Maces & Flails
 - Level 7.1 Armour
 - Level 11.0 Dodging
 - Level 2.2 Stealth
 - Level 10.0 Spellcasting
 + Level 9.1 Conjurations
 - Level 5.0 Translocations
 * Level 11.1 Alchemy
 + Level 8.8 Evocations


You had 10 spell levels left.
You knew the following spells:

 Your Spells              Type           Power      Damage    Failure   Level
a - Sting                 Conj/Alch      100%       1d9       1%          1
b - Mephitic Cloud        Conj/Alch/Air  35%        N/A       1%          3
c - Iskenderun's Mystic   Conj/Tloc      36%        2d9       4%          4
d - Fulminant Prism       Conj/Alch      24%        3d12      1%          4
e - Olgreb's Toxic Radia  Alch           51%        N/A       1%          4
f - Alistair's Intoxicat  Alch           34%        N/A       2%          5
g - Sticky Flame          Fire/Alch      30%        2d7       8%          4

Your spell library contained the following spells:

 Spells                   Type           Power      Damage    Failure   Level
 Apportation              Tloc           56%        N/A       1%          1
 Magic Dart               Conj           100%       1d8       1%          1
 Shock                    Conj/Air       100%       1d9       1%          1
 Blink                    Tloc           56%        N/A       1%          2
 Lesser Beckoning         Tloc           56%        N/A       1%          2
 Mercury Vapours          Alch/Air       60%        N/A       1%          2
 Momentum Strike          Conj/Tloc      72%        3d10      1%          2
 Searing Ray              Conj           88%        2d7       1%          2
 Jinxbite                 Hex            18%        N/A       11%         2
 Call Canine Familiar     Summ           9%         N/A       22%         3
 Sigil of Binding         Hex            9%         N/A       22%         3
 Swiftness                Air            9%         N/A       22%         3
 Tukima's Dance           Hex            9%         N/A       22%         3
 Dimensional Bullseye     Hex/Tloc       9%         N/A       26%         4
 Airstrike                Air            4%         2d(1-17)  58%         4
 Chain Lightning          Conj/Air       13%        3d17      100%        9
 Fire Storm               Conj/Fire      13%        8d3       100%        9
 Shatter                  Erth           4%         3d8*      100%        9


Dungeon Overview and Level Annotations

Branches:
Dungeon (15/15)            Temple (1/1) D:5            Lair (5/5) D:10
  Swamp (4/4) Lair:2        Snake (0/4) Lair:2        Slime (0/5) Lair:5
    Orc (2/2) D:11            Elf (0/3) Orc:2        Vaults (0/5) D:13
 Depths (0/4) D:15

Altars:
Ashenzari
Cheibriados
Dithmenos
Elyvilon
Fedhas
Gozag
Hepliaklqana
Kikubaaqudgha
Makhleb
Nemelex Xobeh
Okawaru
Qazlal
Ru
Sif Muna
Trog
Uskayaw
Vehumet
Wu Jian
Xom
Yredelemnul
Zin
The Shining One
Beogh
Jiyva

Shops:
D:8 !   D:11 [   D:14 (   Orc:2 !(((

Annotations:
D:4 Menkaure
D:7 gold behind cold clouds
Lair:5 exclusion: 6 oklob plants


Innate Abilities, Weirdness & Mutations

You are immune to sickness and miasma.
Your stone body is resilient. (AC +12)
You are immune to poison.
Your large and strong wings let you fly.
You resist negative energy. (rN+)
You are resistant to electric shocks. (rElec)
You are resistant to unholy torment.
You are immune to petrification.


Message History

The eleionoma is healed.
You see here a hydra corpse.
Unknown command.
You swap places.
You spin to attack the swamp worm zombie, but your attack speed is too slow for a blow to land.
You spin and attack the eleionoma.
You bludgeon the eleionoma!!
The eleionoma is moderately wounded.
Your +8 great mace of Doubt {spect, rElec Int+3} hits the eleionoma!!
The swamp worm zombie barely misses you.
The eleionoma closely misses your +8 great mace of Doubt {spect, rElec Int+3}.
Unknown command.
Unknown command.
You barely miss the eleionoma.
The eleionoma is heavily wounded.
Your +8 great mace of Doubt {spect, rElec Int+3} hits the eleionoma!!
The swamp worm zombie closely misses you.
The eleionoma hurls a spray of splinters at you.
The spray of wooden splinters hits you but does no damage.
The swamp worm zombie bites you.
* * * LOW HITPOINT WARNING * * *
The bog body casts a spell at you.
The bolt of cold hits the swamp worm zombie!
The swamp worm zombie resists.
The bolt of cold hits you but does no damage.
You resist.
You swap places.
You spin and attack the swamp worm zombie.
You sock the swamp worm zombie!
The swamp worm zombie is heavily damaged.
You spin to attack the eleionoma, but your attack speed is too slow for a blow to land.
Your +8 great mace of Doubt {spect, rElec Int+3} hits the swamp worm zombie!
Your +8 great mace of Doubt {spect, rElec Int+3} is engulfed in freezing vapours.
Your spectral weapon shares its damage with you!
* * * LOW HITPOINT WARNING * * *
Your +8 great mace of Doubt {spect, rElec Int+3} is engulfed in freezing vapours.
Your spectral weapon shares its damage with you!
* * * LOW HITPOINT WARNING * * *
The eleionoma hurls a spray of splinters at you.
The spray of wooden splinters hits you!!
You die...

.~~...
~~~~~.~
♣♣.~~~..
♣~...~.~
♣♣...~.~~
~ ♣.~~♣ ~.
♣.~.♣♣ .~~
♣♣.n.♣ .~♣
♣@Z.♣~~~♣♣
♣R(~..~~≈♣
♣~<...~~≈≈
♣♣....~~≈≈
♣§~~~§≈≈≈
..~~~~≈≈≈
~~~~~≈≈≈≈
~~.~~~≈≈≈≈
~...~≈≈≈≈~


You could see an eleionoma, a bog body, a swamp worm zombie (distracted) and a
friendly +8 great mace of Doubt {spect, rElec Int+3}.

Vanquished Creatures
  Jorgrun (D:13)
  A tentacled monstrosity (Swamp:1)
  Kirke (Lair:5)
  Roxanne (D:15)
  The ghost of Xokem the Skirmisher, a journeyman DrHs of Okawaru (Swamp:1)
  An orc warlord (Orc:2)
  A bunyip (Swamp:2)
  Nessos (Lair:5)
  An ettin (D:12)
  A fire dragon (D:15)
  An ice dragon (D:15)
  4 alligators
  7 hydras
  4 catoblepae
  4 boulder beetles
  5 centaur warriors
  6 two-headed ogres
  5 orc high priests (Orc:2)
  A tengu warrior (D:15)
  8 death yaks
  2 skysharks
  5 skeletal warriors
  A death drake (shapeshifter) (D:15)
  A deep troll (D:13)
  2 lindwurms
  2 bog bodies
  A swamp dragon (Swamp:3)
  2 spriggan druids (Swamp:1)
  A phantasmal warrior (D:12)
  4 obsidian bats (Orc:2)
  A deep elf pyromancer (D:15)
  4 orc knights (Orc:2)
  A necromancer (D:13)
  2 will-o-the-wisps
  4 orc sorcerers (Orc:2)
  5 manticores
  3 oklob plants (Lair:2)
  An ugly thing (D:12)
  10 elephants
  5 black mambas
  8 cyclopes
  8 kobold blastminers
  A torpor snail (Lair:4)
  A water nymph (shapeshifter) (D:12)
  Maggie (D:6)
  2 gargoyles
  18 cane toads
  16 komodo dragons
  2 rime drakes
  An efreet (D:15)
  An unseen horror (D:12)
  3 yaktaurs (D:15)
  4 polar bears
  9 trolls
  3 hornets
  7 tyrant leeches
  25 blink frogs
  8 slime creatures
  2 shadows (D:9)
  3 spriggans
  A wyvern (Lair:2)
  5 water elementals (D:15)
  A fire elemental (D:14)
  68 yaks
  2 wraiths
  3 hogs (Lair:5)
  2 steam dragons
  A vampire (D:12)
  6 wargs
  6 basilisks
  A golden eye (Lair:2)
  12 vampire mosquitoes
  2 nagas
  17 water moccasins
  13 swamp worms
  4 acid dragons
  46 orc warriors
  2 swamp drakes (Swamp:1)
  2 sky beasts (D:7)
  2 ice beasts (D:6)
  6 black bears
  14 ogres
  12 wolves
  3 boggarts (D:14)
  13 centaurs
  A phantom (D:5)
  3 kobold brigands
  12 bullfrogs
  6 scorpions
  A gnoll sergeant (D:11)
  4 killer bees
  7 electric eels
  A howler monkey (D:6)
  A crimson imp (D:3)
  A jelly (D:7)
  3 hounds
  A bombardier beetle (D:5)
  2 gnoll boudas
  32 orc priests
  A sleepcap (D:5)
  2 iguanas (D:4)
  Ijyb (D:4)
  22 orc wizards
  9 hell rats
  13 gnolls
  11 river rats (Lair:1)
  11 adders
  A shadow imp (D:5)
  A white imp (D:7)
  4 ufetubi
  5 dart slugs
  3 ribbon worms (D:3)
  114 orcs
  6 endoplasms
  4 giant cockroaches
  11 goblins
  2 hobgoblins (D:2)
  4 quokkas
  3 ball pythons
  2 bats (D:1)
  3 frilled lizards
  4 hobgoblin zombies (D:3)
  20 kobolds
  A kobold zombie (D:3)
  2 orc skeletons (D:3)
  2 orc zombies (D:3)
  6 rats
  A fulminant prism (Lair:5)
  2 spectral weapons (Lair:5)
825 creatures vanquished.

Vanquished Creatures (others)
  A bloated husk (Swamp:1)
  2 humans (Lair:5)
  An orc (D:5)
  10 foxfires
  65 fulminant prisms
  18 spectral weapons
97 creatures vanquished.

Grand Total: 922 creatures vanquished

Notes
Turn   | Place    | Note
-------+----------+-------------------------------------------
     0 | D:1      | Farquar the Gargoyle Alchemist began the quest for the Orb.
     0 | D:1      | Reached XP level 1. HP: 10/10 MP: 3/3
     0 | D:1      | +Wu Jian -Ste +Evo
     0 | D:1      | +Alch Conj
    36 | D:1      | +2h Mace
   151 | D:1      | Reached skill level 1 in Fighting
   189 | D:1      | Found a faded altar of an unknown god.
   206 | D:1      | Reached XP level 2. HP: 16/16 MP: 1/5
   769 | D:1      | Reached skill level 2 in Fighting
  1342 | D:2      | Reached skill level 1 in Armour
  1342 | D:2      | Reached XP level 3. HP: 21/21 MP: 4/6
  1901 | D:2      | Found a glowing golden altar of the Shining One.
  2395 | D:3      | Reached XP level 4. HP: 24/26 MP: 4/7
  2409 | D:3      | Learned a level 3 spell: Mephitic Cloud
  2715 | D:3      | Found a glowing golden altar of the Shining One.
  2740 | D:3      | Reached skill level 1 in Maces & Flails
  2794 | D:3      | Reached XP level 5. HP: 30/30 MP: 8/8
  2978 | D:3      | Found a radiant altar of Vehumet.
  3280 | D:3      | Reached XP level 6. HP: 36/36 MP: 5/9
  3509 | D:4      | Noticed Menkaure
  3533 | D:4      | Found a hide-covered altar of Uskayaw.
  3583 | D:4      | Reached skill level 3 in Fighting
  3744 | D:4      | Reached skill level 4 in Fighting
  3940 | D:4      | Reached XP level 7. HP: 41/44 MP: 1/10
  4172 | D:4      | Noticed Ijyb
  4182 | D:4      | Killed Ijyb
  4183 | D:4      | Reached skill level 5 in Fighting
  4346 | D:5      | Entered Level 5 of the Dungeon
  4392 | D:5      | Found a staircase to the Ecumenical Temple.
  4421 | Temple   | Entered the Ecumenical Temple
  4430 | Temple   | Became a worshipper of the Wu Jian Council
  4484 | D:5      | Identified a scroll of acquirement
  4485 | D:5      | Acquired the +8 great mace of Doubt {spect, rElec Int+3}
  4642 | D:5      | Reached skill level 6 in Fighting
  4665 | D:5      | Reached XP level 8. HP: 52/52 MP: 11/11
  4685 | D:5      | Reached skill level 1 in Evocations
  4740 | D:5      | Reached skill level 7 in Fighting
  4743 | D:5      | Reached * piety under Wu Jian
  4964 | D:5      | Found a white marble altar of Elyvilon.
  5120 | D:5      | Reached skill level 8 in Fighting
  5120 | D:5      | Reached XP level 9. HP: 59/59 MP: 10/12
  5407 | D:5      | Found a shimmering blue altar of Sif Muna.
  5610 | D:6      | Found a hazy altar of Hepliaklqana.
  5762 | D:6      | Noticed Maggie
  5776 | D:6      | Killed Maggie
  5885 | D:6      | Reached skill level 5 in Armour
  6058 | D:6      | Reached skill level 9 in Fighting
  6101 | D:6      | Reached ** piety under Wu Jian
  6519 | D:7      | Found Cusi's Antique Weapon Shoppe.
  6948 | D:7      | Found a basalt altar of Yredelemnul.
  7076 | D:7      | Reached XP level 10. HP: 66/66 MP: 10/14
  7107 | D:8      | Reached skill level 5 in Dodging
  7306 | D:8      | Reached skill level 10 in Fighting
  7428 | D:8      | Found Odaeth's Distillery.
  7437 | D:8      | Bought a potion of mutation for 80 gold pieces
  7437 | D:8      | Bought a potion of curing for 30 gold pieces
  7437 | D:8      | Bought a potion of might for 40 gold pieces
  7627 | D:8      | Found a transporter.
  7632 | D:8      | Found a transporter.
  7634 | D:8      | Found a transporter.
  7638 | D:8      | Identified the +0 scale mail "Ilaikha" {rElec rC+ rN+
                  | Dex-3}
  7670 | D:8      | Found a transporter.
  8664 | D:9      | Reached *** piety under Wu Jian
  8816 | D:10     | Entered Level 10 of the Dungeon
  8957 | D:10     | Found a staircase to the Lair.
  9027 | D:10     | Learned a level 4 spell: Iskenderun's Mystic Blast
  9085 | D:10     | Reached XP level 11. HP: 73/73 MP: 14/17
  9089 | D:10     | Reached skill level 5 in Maces & Flails
  9167 | D:10     | Reached skill level 11 in Fighting
  9384 | D:10     | Reached skill level 5 in Spellcasting
  9966 | D:10     | Reached skill level 5 in Alchemy
 10368 | D:11     | Learned a level 4 spell: Fulminant Prism
 10401 | D:11     | Noticed a cyclops
 10405 | D:11     | Killed a cyclops
 10411 | D:11     | Noticed a two-headed ogre
 10417 | D:11     | Killed a two-headed ogre
 10451 | D:11     | Reached **** piety under Wu Jian
 10452 | D:11     | Noticed a skeletal warrior
 10466 | D:11     | Killed a skeletal warrior
 10571 | D:11     | Noticed a skeletal warrior
 10573 | D:11     | Noticed a skeletal warrior
 10579 | D:11     | Noticed a skeletal warrior
 10580 | D:11     | Noticed a skeletal warrior
 10682 | D:11     | Found Eshounen's Armour Shop.
 10708 | D:11     | Bought a +2 pair of gloves for 297 gold pieces
 10752 | D:10     | Killed a skeletal warrior
 10753 | D:10     | Reached skill level 12 in Fighting
 10803 | Lair:1   | Entered Level 1 of the Lair of Beasts
 10820 | D:10     | Reached XP level 12. HP: 17/81 MP: 16/20
 11187 | Lair:1   | Noticed a seven-headed hydra
 11336 | Lair:1   | Reached ***** piety under Wu Jian
 11704 | Lair:2   | Found a staircase to the Snake Pit.
 11842 | Lair:2   | Learned a level 4 spell: Olgreb's Toxic Radiance
 12132 | Lair:2   | Reached XP level 13. HP: 79/87 MP: 23/23
 12150 | Lair:2   | Upgraded the game from 0.32-a0-779-g362cfcae2a to
                  | 0.32-a0-791-gfc315c9ecd
 12215 | Lair:2   | Reached skill level 5 in Conjurations
 12219 | Lair:2   | Reached skill level 1 in Translocations
 13133 | Lair:2   | Reached skill level 5 in Evocations
 13651 | Lair:2   | Found a staircase to the Swamp.
 14091 | Lair:3   | You fall into a shaft and drop 1 floor!
 15840 | Lair:4   | Gained mutation: Your large and strong wings let you fly.
                  | [Gargoyle growth]
 15840 | Lair:4   | Reached XP level 14. HP: 92/92 MP: 26/26
 15895 | Lair:5   | Entered Level 5 of the Lair of Beasts
 15956 | Lair:5   | Noticed Kirke
 15970 | Lair:5   | HP: 4/92 [death yak (1)]
 16211 | Lair:5   | Reached ****** piety under Wu Jian
 16224 | Lair:5   | Killed Kirke
 16670 | Lair:5   | Found a viscous altar of Jiyva.
 16670 | Lair:5   | Found a staircase to the Slime Pits.
 17124 | Lair:5   | Reached skill level 10 in Alchemy
 17210 | Lair:5   | Reached skill level 13 in Fighting
 17421 | Lair:5   | Noticed Nessos
 17430 | Lair:5   | Killed Nessos
 18031 | Lair:1   | Reached XP level 15. HP: 93/99 MP: 20/28
 18287 | D:11     | Found a staircase to the Orcish Mines.
 19244 | D:12     | Found a runed translucent door.
 19258 | D:12     | HP: 3/99 [phantasmal warrior (10)]
 19958 | D:13     | Noticed Jorgrun
 19979 | D:13     | Killed Jorgrun
 20318 | D:13     | Reached skill level 5 in Translocations
 20455 | D:13     | Found a gate to the Vaults.
 20821 | Orc:1    | Entered Level 1 of the Orcish Mines
 20993 | Orc:1    | Reached skill level 10 in Spellcasting
 21126 | Orc:2    | Entered Level 2 of the Orcish Mines
 21609 | Orc:2    | Reached skill level 14 in Fighting
 21620 | Orc:2    | Found a roughly hewn altar of Beogh.
 21634 | Orc:2    | Reached skill level 10 in Dodging
 21754 | Orc:2    | Found Tuqemuo's Distillery.
 21766 | Orc:2    | Found Zoit's Antique Weapon Shoppe.
 22442 | Orc:2    | Found a staircase to the Elven Halls.
 22600 | Orc:2    | Reached XP level 16. HP: 105/107 MP: 26/30
 22769 | Orc:2    | Found a roughly hewn altar of Beogh.
 22794 | Orc:2    | Found Cuheruorghe's Weapon Shoppe.
 22804 | Orc:2    | Reached skill level 15 in Fighting
 22911 | Orc:2    | Found Ytwiunua's Weapon Boutique.
 23193 | D:14     | Found Dealaip's Antique Weapon Shoppe.
 23330 | Orc:2    | Bought a potion of curing for 42 gold pieces
 23330 | Orc:2    | Bought a potion of might for 56 gold pieces
 23330 | Orc:2    | Bought a potion of heal wounds for 70 gold pieces
 23330 | Orc:2    | Bought a potion of heal wounds for 70 gold pieces
 23330 | Orc:2    | Bought 2 potions of curing for 84 gold pieces
 23330 | Orc:2    | Bought a potion of berserk rage for 70 gold pieces
 23330 | Orc:2    | Bought a potion of might for 56 gold pieces
 23613 | D:14     | Learned a level 5 spell: Alistair's Intoxication
 23618 | D:14     | Learned a level 4 spell: Sticky Flame
 24080 | D:15     | Entered Level 15 of the Dungeon
 24448 | D:15     | Found a snail-covered altar of Cheibriados.
 24572 | D:15     | Found a staircase to the Depths.
 24823 | D:15     | Noticed Roxanne
 24846 | D:15     | Killed Roxanne
 24918 | D:15     | Identified the +0 chain mail "Ebell" {rElec rC+ Will+}
 25313 | Swamp:1  | Entered Level 1 of the Swamp
 25522 | Swamp:1  | Noticed a tentacled monstrosity
 25533 | Swamp:1  | Killed a tentacled monstrosity
 25711 | Swamp:1  | Found a runed translucent gate.
 25711 | Swamp:1  | Found a runed translucent gate.
 25712 | Swamp:1  | Found a runed translucent gate.
 25715 | Swamp:1  | Noticed Xokem's ghost (journeyman DrHs)
 25732 | Swamp:1  | Killed Xokem's ghost
 26743 | Swamp:3  | Noticed a tentacled monstrosity
 26752 | Swamp:4  | Entered Level 4 of the Swamp
 26771 | Swamp:4  | Killed from afar by an eleionoma

Illustrated notes ##♣♣♣# #.@..# #.....# #.....# ##♣..... ♣♣♣♣... ###.. . Turn 0 on D:1: +Wu Jian -Ste +Evo

##+## ##...##
##.....##
##.......##
#.......@.#
####+####........+
#.......#........#
#.⌠...⌠.#.......##
#.......#......##
+...⌠...'.#...##
#.......####+##
#.⌠...⌠.# #.#
#.......# #.#


Turn 36 on D:1: +2h Mace

Levels and vault maps discovered:
D:1:      sevenhm_arrival_forest_fort_small_5, layout_loops_corners,
          shapermc_ecumenical_altar_acropolis, minmay_fountain_box, st_stairs_10
D:2:      layout_loops_corners, basic_altar, minmay_tromino_v2
D:3:      layout_basic, mainiacjoe_overflow_alcove_1,
          nicolae_tso_besieged_by_evil
D:4:      minmay_general_purpose_star, layout_cave_pools,
          mainiacjoe_overflow_24_doors, uniq_menkaure, uniq_ijyb
D:5:      minmay_bubble_buster, layout_layer_cave, old_standard_altar,
          kennysheep_little_box, minmay_temple_entry_grid
D:6:      layout_basic, mainiacjoe_overflow_boulevard, roderic_lattice_a,
          uniq_maggie
D:7:      lemuel_ice_spiral_2, layout_basic, old_standard_altar, serial_shops,
          shop
D:8:      layout_loops_ring, serial_shops, nicolae_shop_crystal,
          nicolae_benzene_ring, nicolae_transporter_circle
D:9:      layout_cave_pods
D:10:     layout_layer_cave, due_lair_maze_entry_diamond,
          kennysheep_generic_room_6
D:11:     layout_rooms, david_orc_1_choice, serial_shops, nicolae_stop_n_shop_1
D:12:     layout_stronghold, chequers_decorated_corner, minmay_misc_feat_doors,
          kennysheep_treasure_room
D:13:     layout_stronghold, david_vaults_4, uniq_jorgrun
D:14:     layout_roguey, serial_shops, nicolae_shop_tiny_waterfront,
          grunt_decor_junction
D:15:     grunt_enter_depths_hoard, layout_basic, cheibriados_altar_1,
          uniq_roxanne
Temple:   hellmonk_temple_two_chambers
Lair:1:   layout_small_grid, kennysheep_rathole
Lair:2:   layout_cave_pods, palyth_hydra_swamp_entry,
          guppyfry_snake_entry_island, serial_bayou, serial_bayou_shore_a,
          serial_bayou_pond_b, serial_bayou_lagoon_b, serial_bayou_crossing,
          disabler_island
Lair:3:   layout_cave_pods, grunt_megastairs_2
Lair:4:   layout_gridlike, serial_bayou, serial_bayou_lake_a,
          serial_bayou_pond_e, serial_bayou_shore_b, serial_bayou_pond_d,
          serial_bayou_pond_e, chequers_serial_rivers_room_a,
          lemuel_old_faithful
Lair:5:   evilmike_catoblepas_cave, layout_layer_cave,
          minmay_slime_entry_oklob_enclosed, grunt_megastairs_3,
          infiniplex_staircase_pool_2, uniq_kirke, uniq_nessos
Swamp:1:  layout_basic_swamp, ebering_ghost_rock_garden,
          hangedman_swamp_ruin_hall
Swamp:2:  layout_falls_marsh, evilmike_swamp_ruin_house_2
Swamp:3:  layout_falls_marsh, evilmike_swamp_ruin_rubble_2, swamp_pool_1_2
Swamp:4:  swamp_pestilence, layout_basic_swamp, swamp_pool_1_2,
          water_boxes_lemuel, nicolae_swamp_tree_isthmus, uniq_louise
Orc:1:    layout_caves
Orc:2:    pubby_orc_utopia

Skill      XL: |  1  2  3  4  5  6  7  8  9 10 11 12 13 14 15 16 |
---------------+-------------------------------------------------+-----
Fighting       | 1 2 4 6 8 9 10 12 13 14 15 | 15.6
Armour         | 1 2 4 5 7 |  7.1
Conjurations   | 2 3 4 8 9 |  9.1
Maces & Flails | 1 2 3 4 6 8 |  8.0
Dodging        | 2 4 5 6 7 8 9 10 11 | 11.0
Evocations     | 1 2 3 4 5 8 |  8.8
Alchemy        | 3 4 5 8 9 10 11 | 11.1
Spellcasting   | 3 4 5 7 8 9 10 | 10.0
Translocations | 2 4 5 |  5.0
Stealth        | |  2.2

Action                     |  1- 3 |  4- 6 |  7- 9 | 10-12 | 13-15 | 16-18 || total
---------------------------+-------+-------+-------+-------+-------+-------++-------
  Melee: Mace              |    46 |   115 |       |       |       |       ||   161
         Morningstar       |       |    10 |    28 |       |       |       ||    38
         Flail             |       |     4 |       |       |       |       ||     4
         Great mace        |       |       |   148 |   415 |   889 |   316 ||  1768
   Cast: Sting             |    42 |    56 |    25 |    32 |    21 |     1 ||   177
         Mephitic Cloud    |       |     1 |     3 |    19 |    70 |    13 ||   106
         Fulminant Prism   |       |       |       |     8 |    52 |     6 ||    66
         Iskenderun's Myst |       |       |       |       |     1 |       ||     1
         Olgreb's Toxic Ra |       |       |       |       |     2 |    11 ||    13
         Alistair's Intoxi |       |       |       |       |       |    11 ||    11
         Sticky Flame      |       |       |       |       |       |     2 ||     2
 Invoke: Serpent's Lash    |       |       |       |       |     1 |       ||     1
Ability: Lunge             |       |       |    15 |    45 |    87 |    43 ||   190
         Whirlwind         |       |       |    15 |    69 |   190 |    31 ||   305
         Wall Jump         |       |       |       |     3 |     5 |       ||     8
  Evoke: Wand              |       |       |       |       |     7 |       ||     7
    Use: Potion            |     2 |       |       |     1 |     3 |     3 ||     9
         Scroll            |     2 |       |     8 |     3 |    11 |     2 ||    26
   Stab: Sleeping          |       |     2 |     6 |     2 |     9 |     1 ||    20
         Confused          |       |       |       |    11 |    37 |    10 ||    58
         Distracted        |       |       |       |     6 |     7 |     1 ||    14
         Petrified         |       |       |       |       |     2 |       ||     2
 Armour: Robe              |     6 |       |       |       |       |       ||     6
         Leather armour    |    31 |    89 |    79 |       |       |       ||   199
         Steam dragon scal |       |       |    47 |   365 |   726 |   319 ||  1457
  Dodge: Dodged            |    39 |    88 |   138 |   296 |   587 |   264 ||  1412

Table legend: (Time is in decaauts)
 A = Elapsed time spent in this place.
 B = Non-inter-level travel time spent in this place.
 C = Inter-level travel time spent in this place.
 D = Time resting spent in this place.
 E = Time spent auto-exploring this place.
 F = Levels seen in this place.
 G = Mean time per level.
                   A        B        C        D        E       F      G
               +--------+--------+--------+--------+--------+-----+--------+
         Total |  27450 |  25394 |   2056 |   3044 |  13779 |  27 | 1016.7 |
       Dungeon |  15943 |  14766 |   1177 |   1126 |   9314 |  15 | 1062.9 |
        Temple |     18 |     18 |      0 |      0 |      0 |   1 |   18.0 |
          Lair |   7602 |   6949 |    653 |   1313 |   3059 |   5 | 1520.4 |
         Swamp |   1488 |   1442 |     46 |    319 |    683 |   4 |  372.0 |
  Orcish Mines |   2397 |   2219 |    178 |    286 |    723 |   2 | 1198.5 |
               +--------+--------+--------+--------+--------+-----+--------+

Top non-repeatable levels by time:
  Lair:2: 2370 daAuts
   Orc:2: 1908 daAuts
  Lair:5: 1901 daAuts
    D:10: 1609 daAuts
    D:12: 1378 daAuts
  Lair:3: 1302 daAuts
     D:5: 1299 daAuts
     D:1: 1241 daAuts
     D:3: 1219 daAuts
    D:13: 1102 daAuts
  Lair:4: 1058 daAuts
    D:11: 1037 daAuts
     D:2: 1028 daAuts
    D:15: 1024 daAuts
  Lair:1: 968 daAuts
